 Dungeon Crawl Stone Soup version 0.31-a0-833-gc15d34cb79 (webtiles) character file.

Game seed: 5738522949411913095

58 Kurtz the Chopper (level 4, 29/31 HPs)
             Began as an Octopode Fighter on Sept 25, 2023.
             Was a Follower of Vehumet.
             Quit the game on level 2 of the Dungeon.
             The game lasted 00:00:45 (1423 turns).

Kurtz the Chopper (Octopode Fighter)                Turns: 1423, Time: 00:00:46

Health: 29/31      AC:  1    Str: 15    XL:     4   Next: 1%
Magic:  4/4        EV: 13    Int: 10    God:    Vehumet [*.....]
Gold:   126        SH:  9    Dex: 13    Spells: 3/3 levels left

rFire   . . .        a - +0 war axe
rCold   . . .        b - +0 buckler
rNeg    . . .        (helmet restricted)
rPois   .            j - amulet of reflection
rElec   .            (no ring)
rCorr   .            (no ring)
SInv    .            (no ring)
Will    .....        (no ring)
Stlth   ++           (no ring)
HPRegen 0.25/turn    (no ring)
MPRegen 0.09/turn    (no ring)
                     (no ring)

%: reflection
@: no status effects
A: almost no armour, amphibious, 8 rings, camouflage 1, gelatinous body 1,
(nimble swimmer 1), tentacles
a: Renounce Religion


You were on level 2 of the Dungeon.
You worshipped Vehumet.
Vehumet was aware of your devotion.
You visited 1 branch of the dungeon, and saw 2 of its levels.

You collected 126 gold pieces.

Inventory:

Hand Weapons
 a - a +0 war axe (weapon)
Armour
 b - a +0 buckler (worn)
Jewellery
 j - an amulet of reflection (around mantle)
Scrolls
 d - a scroll of blinking {unknown}
 e - 2 scrolls of noise {unknown}
 f - 3 scrolls of identify {unknown}
 h - a scroll of teleportation {unknown}
 i - a scroll of amnesia {unknown}
 k - a scroll of fog {unknown}
 m - a scroll of brand weapon {unknown}
Potions
 c - 2 potions of might
 g - 5 potions of mutation {unknown}
 l - a potion of curing {unknown}
 n - a potion of brilliance {unknown}


   Skills:
 - Level 3.0 Fighting
 * Level 4.1 Axes
 - Level 3.0 Dodging
 - Level 3.0 Shields


You had 3 spell levels left.
You didn't know any spells.
Your spell library was empty.

Dungeon Overview and Level Annotations

Branches:
Dungeon (2/15)

Altars:
Vehumet


Innate Abilities, Weirdness & Mutations

You cannot wear most types of armour.
You are amphibious.
You can wear up to eight rings at the same time.
Your skin changes colour to match your surroundings (Stealth+).
Your rubbery body absorbs attacks. (AC +1, EV +1)
((You are camouflaged when in or above water. (Stealth+)))
You have tentacles for arms and can constrict up to eight enemies at once.


Message History

You see here a hobgoblin corpse.
Things that are here:
a quokka corpse; a rat corpse
There is an open door here.
You see here a +0 falchion.
Found a stone staircase leading up.
No target in view!
Found a stone staircase leading down.
No target in view!
There is a stone staircase leading up here.
Key pressed, stopping explore.
No target in view!
n - a metallic amethyst potion No target in view!
Key pressed, stopping explore.
No target in view!
No target in view!
Found a ring mail.
No target in view!
Found a faded altar of an unknown god.
No target in view!
A dart slug comes into view.
A dart slug is nearby!
The dart slug bites you.
You hit the dart slug. You grab the dart slug. You squeeze the dart slug!
You kill the dart slug!
You have reached level 4!
There is a faded altar of an unknown god here.
This altar belongs to (a) Vehumet, (b) Qazlal or (c) Okawaru, but you can't tell which.
Press the corresponding letter to learn more about a god, or press enter to convert or escape to cancel.
Okay, then.
Search for what [? for help]?
Okay, then.
This altar belongs to (a) Vehumet, (b) Qazlal or (c) Okawaru, but you can't tell which.
Press the corresponding letter to learn more about a god, or press enter to convert or escape to cancel.
Vehumet accepts your prayer! Vehumet welcomes you!
You can now gain magical power from killing.
Vehumet offers you knowledge of Kiss of Death.
Unknown command.
Press < or > to pray at altars.
Are you sure you want to abandon this character and quit the game? (Confirm with "yes".)

##### #####
#########...###P..###
...........##.8.@P..#
.#########.##..^.P.♣#
##.........##......♣
#....##########.########+###
#..#..#####..[...........PP.
#.........###...P.P.....P8♣
#......<#..>#####♣.....##
#..##..........####..###
#.###.#####.......#..#.#


There were no monsters in sight!

Vanquished Creatures
  An adder (D:2)
  A dart slug (D:2)
  4 ball pythons
  4 endoplasms
  A giant cockroach (D:2)
  5 goblins
  6 hobgoblins
  7 jackals (D:1)
  2 quokkas
  A frilled lizard (D:1)
  3 kobolds
  6 rats
41 creatures vanquished.

Notes
Turn   | Place    | Note
-------+----------+-------------------------------------------
     0 | D:1      | Kurtz the Octopode Fighter began the quest for the Orb.
     0 | D:1      | Reached XP level 1. HP: 16/16 MP: 1/1
   133 | D:1      | Reached XP level 2. HP: 17/21 MP: 2/2
   281 | D:1      | Reached skill level 3 in Axes
   632 | D:1      | Reached XP level 3. HP: 19/26 MP: 3/3
  1170 | D:2      | Reached skill level 4 in Axes
  1412 | D:2      | Found a faded altar of an unknown god.
  1418 | D:2      | Reached XP level 4. HP: 28/31 MP: 4/4
  1422 | D:2      | Prayed at the altar of an unknown god.
  1422 | D:2      | Became a worshipper of Vehumet
  1422 | D:2      | Reached * piety under Vehumet
  1422 | D:2      | Offered knowledge of Kiss of Death by Vehumet.
  1423 | D:2      | Quit the game

Illustrated notes

Levels and vault maps discovered:
D:1:      dpeg_arrival_water_temple_mockup, layout_basic
D:2:      minmay_razor_zed, layout_rooms, chequers_ecumenical_altar_lobes,
          minmay_octomino_j4

Skill      XL: |  1  2  3 |
---------------+----------+-----
Axes           | 3 4 |  4.1
Fighting       | |  3.0
Dodging        | |  3.0
Shields        | |  3.0

Action                     |  1- 3 |  4- 6 || total
---------------------------+-------+-------++-------
  Melee: War axe           |    70 |       ||    70
         Constrict         |    19 |       ||    19
         Tentacles         |    14 |       ||    14
   Stab: Sleeping          |     4 |       ||     4
         Distracted        |     1 |       ||     1
 Armour: Skin              |    25 |       ||    25
  Dodge: Dodged            |    40 |       ||    40
  Block: Buckler           |    11 |       ||    11

Table legend: (Time is in decaauts)
 A = Elapsed time spent in this place.
 B = Non-inter-level travel time spent in this place.
 C = Inter-level travel time spent in this place.
 D = Time resting spent in this place.
 E = Time spent auto-exploring this place.
 F = Levels seen in this place.
 G = Mean time per level.
                   A        B        C        D        E       F      G
               +--------+--------+--------+--------+--------+-----+--------+
         Total |   1449 |   1386 |     63 |      0 |   1148 |   2 |  724.5 |
       Dungeon |   1449 |   1386 |     63 |      0 |   1148 |   2 |  724.5 |
               +--------+--------+--------+--------+--------+-----+--------+

Top non-repeatable levels by time:
     D:1: 959 daAuts
     D:2: 490 daAuts
